 Dungeon Crawl Stone Soup version 0.26-a0-597-gb535b0901c (webtiles) character file.

Game seed: 8170894144942231727

608 Ge0ff the Spear-Bearer (level 7, -3/57 HPs)
             Began as a Pale Draconian Abyssal Knight on Aug 26, 2020.
             Was a Priest of Lugonu.
             Killed from afar by a giant cockroach (36 damage)
             ... with an exploding inner flame
             ... hexed by the player character
             ... on level 4 of the Dungeon.
             The game lasted 00:09:40 (5687 turns).

Ge0ff the Spear-Bearer (DrAK)                       Turns: 5687, Time: 00:09:41

Health: -3/57      AC:  7    Str: 15    XL:     7   Next: 19%
Magic:  8/8        EV: 12    Int: 18    God:    Lugonu [***...]
Gold:   66         SH:  0    Dex: 12    Spells: 6/6 levels left

rFire    . . .     SeeInvis .   a - +0 trident
rCold    . . .     Faith    .   (no shield)
rNeg     . . .     Spirit   .   (armour unavailable)
rPois    .         Reflect  .   (helmet restricted)
rElec    .         Harm     .   (no cloak)
rCorr    .                      (no gloves)
MR       .....                  m - +0 pair of boots
Stlth    +.........             (no amulet)
HPRegen  0.19/turn              R - +6 ring of intelligence
MPRegen  0.11/turn              (no ring)

@: no status effects
A: breathe steam, unfitting armour, cold-blooded, AC +6
a: Breathe Steam, Depart the Abyss, Bend Space, Banish, Renounce Religion


You were on level 4 of the Dungeon.
You worshipped Lugonu.
Lugonu was most pleased with you.
You visited 2 branches of the dungeon, and saw 7 of its levels.
You visited the Abyss 1 time.

You collected 241 gold pieces.
You spent 175 gold pieces at shops.

Inventory:

Hand Weapons
 a - a +0 trident (weapon)
 b - a +0 hunting sling
 f - a cursed -3 trident
 w - a +0 short sword of venom
 V - a +1 spear
Missiles
 d - 195 stones
 Q - 2 boomerangs
 Y - 10 poisoned darts (quivered)
Armour
 m - a +0 pair of boots (worn)
Jewellery
 R - a +6 ring of intelligence (left hand)
Scrolls
 l - a scroll of enchant armour
 y - a scroll of immolation
 C - 2 scrolls of remove curse
 K - a scroll of torment
 O - a scroll of amnesia {unknown}
 P - a scroll of fear {unknown}
 S - 2 scrolls of random uselessness {unknown}
 T - 2 scrolls of teleportation
 U - a scroll of enchant weapon {unknown}
Potions
 o - 2 potions of ambrosia
 H - 3 potions of haste {!q}
 J - a potion of berserk rage {unknown}
 L - 2 potions of lignification
 M - 2 potions of might
 N - 2 potions of curing {unknown}
 W - a potion of heal wounds {!q}
 X - a potion of flight
 Z - a potion of mutation {unknown}


   Skills:
 - Level 3.2 Fighting
 + Level 8.0 Polearms
 - Level 2.1 Dodging
 - Level 2.0 Invocations


You had 6 spell levels left.
You didn't know any spells.
Your spell library was empty.

Dungeon Overview and Level Annotations

Branches:
Dungeon (6/15)             Temple (1/1) D:4

Altars:
Fedhas
Hepliaklqana
Okawaru
Qazlal
Wu Jian

Shops:
D:4 ?

Annotations:
D:4 1 runed translucent door, Crazy Yiuf


Innate Abilities, Weirdness & Mutations

You can breathe blasts of scalding, opaque steam.
Your pale cyan-grey scales are hard. (AC +6)
You cannot fit into any form of body armour.
You are cold-blooded and may be slowed by cold attacks.


Message History

The quokka skeleton barely misses you. The giant cockroach closely misses you.
Really read the scroll of immolation?
As you read the scroll of immolation, it crumbles to dust.
The creatures around you are filled with an inner flame!
The quokka skeleton barely misses you. The giant cockroach barely misses you.
You completely miss the giant cockroach.
The giant cockroach barely misses you. The quokka skeleton bites you.
You barely miss the giant cockroach.
Your tail-slap misses the giant cockroach.
The giant cockroach misses you.
The quokka skeleton bites you but does no damage.
You hit the giant cockroach.
The giant cockroach explodes!
The fiery explosion engulfs the quokka skeleton!!
The quokka skeleton explodes!
The fiery explosion engulfs you!! Lugonu accepts your kill.
The fiery explosion engulfs you!!!
Ouch! That really hurt!
You die...

........# ........# ###
.......## #.#### ......##
#######....### # ......#
##.......##...#### ##
.....##
#...........##...#### ##.
..####
...............##...###.#
###
.................##....##
......§§@.......########
#......§§.....###
##....§§§..###
###......## ########


There were no monsters in sight!

Vanquished Creatures
  An ogre (D:4)
  A bullfrog zombie (D:4)
  2 hounds (D:4)
  4 orc wizards
  An orc priest (D:4)
  An iguana (D:4)
  2 worker ants (D:4)
  A worker ant zombie (D:2)
  4 adders
  7 gnolls
  4 worms
  2 dart slugs
  2 leopard geckos
  12 orcs
  7 giant cockroaches
  3 hobgoblins
  4 jackals (D:1)
  3 quokkas
  7 bats
  2 frilled lizards
  5 goblins
  8 kobolds
  2 quokka skeletons (D:4)
  6 rats
91 creatures vanquished.

Notes
Turn   | Place    | Note
-------+----------+-------------------------------------------
     0 | Abyss:1  | Ge0ff the Draconian Abyssal Knight began the quest for the
                  | Orb.
     0 | Abyss:1  | Reached XP level 1. HP: 19/19 MP: 2/2
    30 | Abyss:1  | Noticed a large abomination
    45 | Abyss:1  | Noticed an ancient zyme
    72 | Abyss:1  | Noticed a vampire mage
    81 | Abyss:1  | Noticed a vampire
    81 | Abyss:1  | Noticed a wraith
    81 | Abyss:1  | Noticed a phantasmal warrior
    88 | Abyss:1  | Noticed a necrophage
    89 | Abyss:1  | Noticed a chaos spawn
   106 | Abyss:1  | Noticed a large abomination
   107 | D:1      | Escaped the Abyss
   335 | D:1      | Reached * piety under Lugonu
   352 | D:1      | Reached XP level 2. HP: 26/26 MP: 3/3
   436 | D:1      | Reached skill level 3 in Polearms
  1114 | D:1      | Reached XP level 3. HP: 31/31 MP: 4/4
  1428 | D:2      | Found a stormy altar of Qazlal.
  1428 | D:2      | Found an ornate altar of the Wu Jian Council.
  1559 | D:2      | Found a blossoming altar of Fedhas.
  1609 | D:2      | Found an iron altar of Okawaru.
  1658 | D:2      | Reached ** piety under Lugonu
  1792 | D:2      | Reached skill level 4 in Polearms
  2255 | D:3      | Reached XP level 4. HP: 38/38 MP: 5/5
  2680 | D:3      | Reached skill level 5 in Polearms
  3148 | D:3      | Reached XP level 5. HP: 41/45 MP: 6/6
  3687 | D:4      | Reached skill level 6 in Polearms
  3989 | D:5      | Entered Level 5 of the Dungeon
  4223 | D:4      | Reached XP level 6. HP: 47/51 MP: 7/7
  4546 | D:4      | Found a staircase to the Ecumenical Temple.
  4560 | Temple   | Entered the Ecumenical Temple
  4597 | D:4      | Reached *** piety under Lugonu
  4675 | D:4      | Reached skill level 7 in Polearms
  5201 | D:4      | You fall into a shaft and drop 2 floors!
  5385 | D:4      | Found a hazy altar of Hepliaklqana.
  5421 | D:4      | Found a runed translucent door.
  5422 | D:4      | Noticed Crazy Yiuf
  5510 | D:4      | Your scales start taking on a pale cyan-grey colour.
  5510 | D:4      | Reached XP level 7. HP: 57/57 MP: 8/8
  5529 | D:4      | Reached skill level 8 in Polearms
  5539 | D:4      | Found Fybomynt's Magic Scroll Shop.
  5630 | D:4      | Bought a scroll of teleportation for 30 gold pieces
  5630 | D:4      | Bought a scroll of immolation for 35 gold pieces
  5630 | D:4      | Bought a scroll of torment for 75 gold pieces
  5630 | D:4      | Bought a scroll of immolation for 35 gold pieces
  5687 | D:4      | Killed from afar by a giant cockroach

Illustrated notes

Levels and vault maps discovered:
D:1:      dpeg_arrival_solitude, layout_basic, minmay_pentomino_r2
D:2:      layout_basic, old_standard_altar, gammafunk_temple_overflow_claw
D:3:      layout_loops_cross
D:4:      layout_cave_pods, lemuel_round_altar, minmay_temple_entry_grid,
          serial_shops, shop_scrolls, minmay_misc_feat_alley,
          uniq_crazy_yiuf_cottage
D:5:      kennysheep_spiral_hall, layout_loops_corners,
          chequers_serial_rivers_micro_e, minmay_joined_circles, uniq_edmund,
          uniq_eustachio
D:6:      layout_gridville, basic_altar, minivault_5
Temple:   regret_index_temple_generic_petals

Skill      XL: |  1  2  3  4  5  6  7 |
---------------+----------------------+-----
Polearms       | 3 4 5 6 7 8 |  8.0
Fighting       | |  3.2
Dodging        | |  2.1
Invocations    | |  2.0

Action                   |  1- 3 |  4- 6 |  7- 9 || total
-------------------------+-------+-------+-------++-------
Melee: Spear             |   124 |   163 |       ||   287
       Tailslap          |     6 |    14 |     1 ||    21
       Short sword       |     1 |       |       ||     1
       Trident           |       |    54 |    20 ||    74
 Fire: Hunting sling     |    35 |    51 |       ||    86
Throw: Stone             |    41 |    36 |       ||    77
       Dart              |       |    22 |       ||    22
Invok: Depart the Abyss  |     1 |       |       ||     1
  Use: Scroll            |     6 |     7 |     1 ||    14
 Stab: Sleeping          |       |     1 |       ||     1
Armor: Skin              |    36 |    44 |     3 ||    83
Dodge: Dodged            |    57 |    96 |    12 ||   165

Table legend: (Time is in decaauts)
 A = Elapsed time spent in this place.
 B = Non-inter-level travel time spent in this place.
 C = Inter-level travel time spent in this place.
 D = Time resting spent in this place.
 E = Time spent auto-exploring this place.
 F = Levels seen in this place.
 G = Mean time per level.
                   A        B        C        D        E       F      G
               +--------+--------+--------+--------+--------+-----+--------+
         Total |   5679 |   5533 |    146 |     25 |   4220 |   8 |  709.9 |
       Dungeon |   5570 |   5424 |    146 |     25 |   4220 |   6 |  928.3 |
        Temple |      1 |      1 |      0 |      0 |      0 |   1 |    1.0 |
         Abyss |    107 |    107 |      0 |      0 |      0 |   1 |  107.0 |
               +--------+--------+--------+--------+--------+-----+--------+

Top non-repeatable levels by time:
     D:4: 1919 daAuts
     D:3: 1176 daAuts
     D:1: 1113 daAuts
     D:2: 1088 daAuts
     D:5: 235 daAuts
 Abyss:1: 107 daAuts
     D:6: 36 daAuts
  Temple: 1 daAuts
